 Dungeon Crawl Stone Soup version 0.27-a0-1188-g73eefd5def (webtiles) character file.

Game seed: 13152094467664419819

25 multi the Covered (level 3, -2/30 HPs)
             Began as a Barachi Fighter on May 21, 2021.
             Slain by an adder (4 damage)
             ... on level 2 of the Dungeon.
             The game lasted 00:03:14 (965 turns).

multi the Covered (Barachi Fighter)                  Turns: 965, Time: 00:03:15

Health: -2/30      AC:  7    Str: 18    XL:     3   Next: 4%
Magic:  3/3        EV:  7    Int:  8    God:
Gold:   66         SH:  9    Dex: 11    Spells: 2/2 levels left

rFire    . . .     SeeInvis .   a - +0 long sword
rCold    . . .     Faith    .   c - +0 kite shield
rNeg     . . .     Spirit   .   b - +0 scale mail
rPois    .         Reflect  .   (no helmet)
rElec    .         Harm     .   (no cloak)
rCorr    .         Rampage  .   (no gloves)
Will     .....                  (no boots)
Stlth    ..........             (no amulet)
HPRegen  0.10/turn              (no ring)
MPRegen  0.08/turn              (no ring)

@: slow
A: amphibious, slowness 1, strong legs 1, +LOS
a: Hop


You were on level 2 of the Dungeon.
You visited 1 branch of the dungeon, and saw 2 of its levels.

You collected 66 gold pieces.

Inventory:

Hand Weapons
 a - a +0 long sword (weapon)
Missiles
 g - 6 stones
Armour
 b - a +0 scale mail (worn)
 c - a +0 kite shield (worn)
Scrolls
 f - a scroll of enchant weapon {unknown}
Potions
 d - a potion of might
 e - a potion of curing {unknown}
 h - a potion of mutation {unknown}
 i - a potion of degeneration {unknown}


   Skills:
 + Level 3.9 Fighting
 * Level 3.1 Long Blades
 + Level 4.1 Armour
 + Level 3.4 Shields


You had 2 spell levels left.
You didn't know any spells.
Your spell library was empty.

Dungeon Overview and Level Annotations

Branches:
Dungeon (2/15)

Altars:


Innate Abilities, Weirdness & Mutations

You are amphibious.
You cover ground slowly.
You can hop short distances.
You have an extended range of vision and can be seen from far away.


Message History

The worm is severely wounded.
The adder closely misses you.
You riposte.
You closely miss the adder. You block the adder's attack.
The worm barely misses you. You block the adder's attack.
You slash the worm!
You kill the worm!
The adder barely misses you. The adder bites you but does no damage.
You block the dart slug's attack.
You hit the dart slug.
The dart slug is heavily wounded.
The adder bites you.
* * * LOW HITPOINT WARNING * * *
You are poisoned.
The adder poisons you! You block the adder's attack.
You block the dart slug's attack.
You slash the dart slug!
You kill the dart slug!
* * * LOW HITPOINT WARNING * * *
You feel sick. You block the adder's attack. x2
You have reached level 3!
Your experience leads to an increase in your attributes!
Increase (S)trength, (I)ntelligence, or (D)exterity?
You feel stronger.
You slash the adder!
The adder is severely wounded.
* * * LOW HITPOINT WARNING * * *
You feel sick. You block the adder's attack.
The adder bites you but does no damage.
You closely miss the adder.
The adder is severely wounded.
You feel sick. The adder barely misses you. You block the adder's attack.
Your shield and scale mail prevent you from hitting the adder.
The adder is severely wounded.
You feel sick.
You are no longer poisoned.
You block the adder's attack. The adder bites you but does no damage.
You closely miss the adder.
The adder is severely wounded.
The adder bites you.
You die...

≈≈≈≈ . .....> ≈≈≈..
. ...#.. ≈≈≈≈.# .##
#.....# ≈≈≈...#
..##......#
≈≈≈≈...####
#.........#
≈≈≈.....##
...#.....#
#.....####........#
#<....).........#
##.#..†@S#.#.####
......#.......#
.....###.#....[.#
...........#.###...#
##............# ..#
#....#.####... ...
#....... .## ..
#....... #.# # ..


You could see an adder.

Vanquished Creatures
  A worm (D:2)
  A dart slug (D:2)
  2 bats
  An endoplasm (D:1)
  2 giant cockroaches (D:1)
  A goblin (D:1)
  A hobgoblin (D:1)
  4 kobolds
  A quokka (D:1)
  A ball python (D:1)
  2 frilled lizards (D:1)
  A rat (D:1)
18 creatures vanquished.

Notes
Turn   | Place    | Note
-------+----------+-------------------------------------------
     0 | D:1      | multi the Barachi Fighter began the quest for the Orb.
     0 | D:1      | Reached XP level 1. HP: 18/18 MP: 1/1
   187 | D:1      | Reached XP level 2. HP: 20/25 MP: 2/2
   713 | D:1      | Reached skill level 4 in Armour
   962 | D:2      | Reached XP level 3. HP: 6/30 MP: 3/3
   965 | D:2      | Slain by an adder

Illustrated notes

Levels and vault maps discovered:
D:1:      dpeg_arrival_rhombus, layout_basic, minmay_misc_feat_tower,
          serial_bayou_pond_a
D:2:      layout_rooms, basic_altar, chequers_ecumenical_altar_island

Skill      XL: |  1  2 |
---------------+-------+-----
Armour         | 4 |  4.1
Long Blades    | 3 |  3.1
Fighting       | |  3.9
Shields        | |  3.4

Action                   || total
-------------------------++-------
Melee: Long sword        ||    48
Armor: Scale mail        ||    31
Dodge: Dodged            ||    24
Block: Kite shield       ||    46
       Rpst.: Long sword ||     6

Table legend: (Time is in decaauts)
 A = Elapsed time spent in this place.
 B = Non-inter-level travel time spent in this place.
 C = Inter-level travel time spent in this place.
 D = Time resting spent in this place.
 E = Time spent auto-exploring this place.
 F = Levels seen in this place.
 G = Mean time per level.
                   A        B        C        D        E       F      G
               +--------+--------+--------+--------+--------+-----+--------+
         Total |   1148 |   1148 |      0 |      0 |    840 |   2 |  574.0 |
       Dungeon |   1148 |   1148 |      0 |      0 |    840 |   2 |  574.0 |
               +--------+--------+--------+--------+--------+-----+--------+

Top non-repeatable levels by time:
     D:1: 1114 daAuts
     D:2: 34 daAuts
